 Dungeon Crawl Stone Soup version 0.17.1-3-g152610e (webtiles) character file.

464 Metrazal the Covert (level 6, -1/30 HPs)
             Began as a Spriggan Assassin on Feb 27, 2016.
             Killed from afar by an orc wizard (8 damage)
             ... with a magic dart
             ... on level 5 of the Dungeon.
             The game lasted 00:29:41 (4541 turns).

Metrazal the Covert (Spriggan Assassin)             Turns: 4541, Time: 00:29:41

Health: -1/30      AC:  3    Str:  7    XL:     6   Next: 80%
Magic:  7/7        EV: 16    Int: 13    God:
Gold:   230        SH:  0    Dex: 19    Spells: 0 memorised, 5 levels left

rFire  . . .     SeeInvis +     a - +5 dagger
rCold  . . .     Clarity  .     r - +0 robe
rNeg   . . .     SustAt   .     (shield restricted)
rPois  .         Gourm    .     (helmet restricted)
rElec  .         Spirit   .     d - +0 cloak
rCorr  .         Warding  .     (gloves unavailable)
rMut   .         Stasis   .     (boots unavailable)
MR     +....                    (no amulet)
Stlth  ++++++....               (no ring)
                                G - ring of stealth

@: very quick, somewhat resistant to hostile enchantments, very stealthy
A: unfitting armour, see invisible, herbivore 3, speed 3, slow metabolism 2
a: no special abilities


You were on level 5 of the Dungeon.
You were not hungry.

You visited 1 branch of the dungeon, and saw 5 of its levels.

You collected 230 gold pieces.

Inventory:

Hand Weapons
 a - a +5 dagger (weapon)
 b - a +0 blowgun
 c - a +0 hunting sling
Missiles
 e - 6 poisoned needles
 f - 5 curare-tipped needles
 h - 123 stones (quivered)
 w - 63 sling bullets
 C - 17 arrows
Armour
 d - a +0 cloak (worn)
 r - a +0 robe (worn)
Jewellery
 G - a ring of stealth (left hand)
Wands
 A - a wand of frost (31)
Scrolls
 k - a scroll of enchant weapon
 l - a scroll of identify
 p - 2 scrolls of recharging {unknown}
 q - 2 scrolls of magic mapping
 t - 2 scrolls of immolation {unknown}
 u - 2 scrolls of random uselessness {unknown}
 y - 2 scrolls of remove curse {unknown}
 z - a scroll of enchant armour {unknown}
 B - a scroll of teleportation {unknown}
 D - a scroll of blinking {unknown}
 F - a scroll of amnesia {unknown}
Potions
 i - a potion of mutation {unknown}
 j - a potion of brilliance {unknown}
 m - a potion of resistance {unknown}
 o - 2 potions of curing {unknown}
 s - 2 potions of heal wounds {unknown}
 v - 3 potions of might {unknown}
 x - 2 potions of lignification {unknown}
 E - a potion of magic {unknown}
Comestibles
 g - 2 bread rations
 n - 2 fruits


   Skills:
 - Level 1.5 Fighting
 + Level 4.7 Short Blades
 + Level 3.2(3.6) Slings
 - Level 2.0(2.6) Throwing
 + Level 5.4 Dodging
 + Level 8.1 Stealth


You had 5 spell levels left.
You didn't know any spells.

Dungeon Overview and Level Annotations

Branches:
Dungeon (5/15)
 Temple: D:4-7

Altars:
Cheibriados
Dithmenos


Innate Abilities, Weirdness & Mutations

You are tiny and cannot use many weapons and most armour.
You have supernaturally acute eyesight.
You are a herbivore.
You cover ground extremely quickly.
You need consume almost no food.


Message History

You kill the shadow imp!
The orc wizard gestures wildly while chanting.
The orc wizard seems to speed up.
You puncture the orc priest!
The orc priest is heavily wounded.
The orc priest hits you.
You hit the orc priest.
The orc priest is almost dead.
The orc wizard casts a cantrip, but nothing happens.
You hit the orc priest.
The orc priest is almost dead.
The orc priest calls down the wrath of Beogh upon you.
Something smites you!
There is a stone staircase leading up here.
The orc wizard points at you and mumbles some strange words.
The puff of frost hits you!
* * * LOW HITPOINT WARNING * * *
The orc wizard gestures at you while chanting.
The magic dart hits you!
You die...

###### #....#
#....# #....###
##......#####o
#..#.#........
#...@.oo......
##....o.......
#...............
#####<.........#
#..........#
###.........
#........#
#........#


You could see an orc priest and 2 orc wizards.

Vanquished Creatures
  A phantom (D:4)
  A scorpion (D:4)
  A hound (D:4)
  Crazy Yiuf (D:2)
  An orc priest (D:4)
  Terence (D:2)
  A worker ant (D:4)
  Robin (D:2)
  4 adders
  A shadow imp (D:5)
  An ooze (D:1)
  5 worms
  2 giant geckos
  13 orcs
  3 ball pythons
  6 giant cockroaches
  11 hobgoblins
  6 jackals
  2 quokkas
  6 bats
  5 giant newts
  16 goblins
  A jackal skeleton (D:4)
  10 kobolds
  7 rats
107 creatures vanquished.

Notes
Turn   | Place    | Note
--------------------------------------------------------------
     0 | D:1      | Metrazal the Spriggan Assassin began the quest for the Orb.
     0 | D:1      | Reached XP level 1. HP: 10/10 MP: 2/2
    61 | D:1      | Reached skill level 6 in Stealth
   260 | D:1      | Reached XP level 2. HP: 14/14 MP: 3/3
  1051 | D:1      | Reached XP level 3. HP: 18/18 MP: 4/4
  1178 | D:2      | Noticed Robin
  1235 | D:2      | Killed Robin
  1267 | D:2      | Found a shadowy altar of Dithmenos.
  1986 | D:2      | Noticed Crazy Yiuf
  1996 | D:2      | Killed Crazy Yiuf
  1996 | D:2      | Reached skill level 1 in Slings
  1996 | D:2      | Reached XP level 4. HP: 22/22 MP: 5/5
  2181 | D:2      | Noticed Terence
  2192 | D:2      | Killed Terence
  2575 | D:2      | Reached skill level 7 in Stealth
  2694 | D:2      | Reached XP level 5. HP: 25/25 MP: 6/6
  2813 | D:3      | Found a snail-covered altar of Cheibriados.
  3561 | D:4      | Noticed a phantom
  3563 | D:4      | Reached XP level 6. HP: 30/30 MP: 7/7
  3568 | D:4      | Killed a phantom
  3568 | D:4      | Reached skill level 5 in Dodging
  3708 | D:4      | Reached skill level 8 in Stealth
  4526 | D:5      | Entered Level 5 of the Dungeon
  4541 | D:5      | Killed from afar by an orc wizard

Action                   |  1- 3 |  4- 6 || total
-------------------------+-------+-------++-------
Melee: Dagger            |   126 |   156 ||   282
 Fire: Blowgun           |     6 |    13 ||    19
       Hunting sling     |       |    15 ||    15
Throw: Stone             |       |     2 ||     2
  Use: Scroll            |       |     3 ||     3
 Stab: Sleeping          |    18 |     9 ||    27
       Distracted        |     2 |     2 ||     4
  Eat: Fruit             |       |     1 ||     1
